Map: Deathaura LE

Players

SpeCial - Winner!

  • Race: Terran Terran
  • League: Master
  • Spawn Location: 5:00

Kelazhur

  • Race: Terran Terran
  • Spawn Location: 11:00

Event: DreamHack SC2 Masters 2020 Winter

VOD

Have the link to the VOD?

Description

Time

  • Played on: Oct. 25, 2020, 6:31 p.m.
  • Length: 10:45

All games in this series

Show
View Real Time Build Order
Export as new Build Order

SpeCial Terran - Winner!

Build Orders:  

Get SALT Encoding   

  12  0:00  SCV  
  13  0:12  SCV  
  14  0:16  Supply Depot  
  14  0:24  SCV  
  15  0:38  SCV  
  15  0:39  Barracks  
  16  0:43  Refinery  
  16  0:50  SCV  
  16  0:52  Refinery  
  17  1:02  SCV  
  18  1:14  SCV  
  19  1:26  Reaper, Orbital Command  
  19  1:27  Supply Depot  
  20  1:42  Factory  
  20  1:52  SCV  
  21  1:59  Reaper  
  22  2:05  SCV  
  23  2:18  Command Center  
  23  2:19  SCV  
  24  2:26  Hellion  
  26  2:31  Barracks Tech Lab  
  26  2:34  SCV  
  27  2:39  Supply Depot  
  27  2:46  SCV  
  28  2:53  Starport  
  28  2:58  SCV  
  29  3:01  Cyclone, Barracks Tech Lab  
  32  3:10  SCV  
  32  3:22  SCV  
  33  3:27  Barracks Reactor  
  33  3:29  Refinery  
  33  3:33  Orbital Command  
  33  3:34  SCV  
  33  3:35  Banshee  
  37  3:44  Cyclone  
  37  3:47  SCV  
  41  3:59  SCV  
  41  4:00  SCV  
  43  4:08  Command Center  
  43  4:11  SCV  
  43  4:12  SCV  
  43  4:14  Supply Depot, Marine  
  43  4:15  Marine  
  47  4:23  Raven  
  45  4:32  SCV x2, Marine  
  45  4:33  Marine  
  45  4:36  Siege Tank  
  52  4:42  Supply Depot  
  52  4:44  SCV x2  
  54  4:50  Marine  
  54  4:51  Marine  
  56  4:56  SCV x2  
  60  5:08  SCV x2  
  60  5:14  Siege Tank  
  63  5:16  Supply Depot  
  63  5:18  Refinery  
  63  5:19  Viking x2  
  63  5:20  SCV  
  63  5:21  SCV  
  69  5:23  Marine  
  69  5:24  Stimpack  
  67  5:32  Orbital Command  
  67  5:33  SCV  
  67  5:34  SCV  
  69  5:40  Marine  
  70  5:45  SCV  
  70  5:47  SCV  
  70  5:49  Viking x2, Siege Tank  
  79  5:57  SCV  
  79  5:58  SCV  
  79  5:59  SCV  
  79  6:01  Marine  
  83  6:09  SCV  
  83  6:10  SCV  
  85  6:11  SCV  
  86  6:19  Viking x2  
  86  6:21  Siege Tank  
  93  6:26  Barracks  
  93  6:29  Supply Depot, Barracks  
  93  6:30  SCV, Supply Depot, Marine  
  93  6:31  Supply Depot  
  95  6:33  SCV x2  
  97  6:42  SCV  
  97  6:44  Engineering Bay x2  
  97  6:45  SCV x2  
  100  6:52  Marine  
  100  6:53  Siege Tank  
  104  6:54  SCV  
  104  6:57  SCV  
  104  6:58  SCV  
  107  7:05  Viking x2  
  107  7:07  SCV  
  112  7:08  Combat Shield  
  112  7:10  SCV x2, Marine  
  112  7:11  Barracks  
  112  7:14  Barracks  
  112  7:15  Barracks Reactor  
  115  7:17  Barracks Reactor, Terran Infantry Weapons Level 1, Terran Infantry Armor Level 1  
  115  7:19  SCV  
  115  7:22  SCV  
  117  7:27  SCV  
  117  7:28  Refinery x2  
  118  7:30  Supply Depot, Marine  
  118  7:31  SCV  
  118  7:32  Siege Tank  
  118  7:34  SCV  
  124  7:43  SCV  
  125  7:51  Marine  
  125  7:53  SCV x2  
  125  7:54  Medivac x2  
  125  7:55  SCV, Marine x2  
  133  8:04  Supply Depot  
  133  8:05  Armory, Supply Depot  
  133  8:12  Barracks Reactor x2  
  133  8:14  Supply Depot  
  133  8:15  Command Center  
  133  8:16  Marine x4  
  133  8:17  Siege Tank  
  140  8:23  Marine, Sensor Tower  
  140  8:26  SCV x3  
  143  8:34  Marine x4  
  143  8:36  Medivac  
  143  8:41  Marine  
  144  8:49  Marine x4, Siege Tank  
  144  8:52  Marine x4  
  151  8:58  Medivac, Marine  
  147  9:07  Marine x4  
  147  9:09  Medivac  
  153  9:10  Marine x2  
  153  9:11  Marine x2  
  156  9:21  Siege Tank  
  156  9:23  SCV x3, Factory  
  161  9:25  Marine x3  
  161  9:26  Barracks Reactor, Marine  
  161  9:28  Marine x2  
  161  9:29  Marine x2  
  166  9:32  Planetary Fortress  
  166  9:42  Marine  
  166  9:43  Marine x2  
  166  9:44  Marine  
  167  9:46  Marine x2  
  167  9:47  Medivac, Marine x2  
  173  9:53  Siege Tank  
  173  10:00  Marine x2  
  173  10:01  Marine x2  
  173  10:03  Marine x2  
  173  10:04  Marine  
  173  10:05  Marine  
  180  10:07  Marine  
  178  10:14  Marine  
  178  10:18  Marine x2  
  178  10:19  Marine  
  178  10:20  Marine  
  177  10:21  Marine x2  
  177  10:22  Marine  
  177  10:23  Marine  
Show
View Real Time Build Order
Export as new Build Order

Kelazhur Terran 

Build Orders:  

Get SALT Encoding   

  12  0:00  SCV  
  13  0:12  SCV  
  14  0:17  Supply Depot  
  14  0:25  SCV  
  15  0:38  SCV  
  15  0:39  Barracks  
  16  0:43  Refinery  
  16  0:50  SCV  
  16  0:52  Refinery  
  17  1:03  SCV  
  18  1:15  SCV  
  19  1:26  Reaper  
  19  1:27  Orbital Command  
  19  1:29  Supply Depot  
  20  1:42  Factory  
  20  1:52  SCV  
  21  1:58  Reaper  
  22  2:05  SCV  
  23  2:16  Command Center  
  23  2:18  SCV  
  24  2:26  Hellion  
  26  2:32  SCV  
  26  2:36  Barracks Reactor  
  27  2:38  Supply Depot  
  27  2:46  SCV  
  28  2:52  Factory Tech Lab  
  28  2:54  Starport  
  28  2:58  SCV  
  29  3:10  SCV  
  30  3:16  Marine x2  
  30  3:19  Cyclone  
  35  3:21  Refinery  
  35  3:22  SCV  
  36  3:29  Orbital Command  
  36  3:30  Starport Tech Lab  
  36  3:34  SCV  
  36  3:35  Marine x2  
  39  3:46  SCV  
  39  3:48  Supply Depot  
  39  3:52  Raven  
  39  3:53  Marine x2  
  42  3:57  SCV  
  42  3:58  SCV  
  44  4:03  Siege Tank  
  44  4:09  SCV  
  48  4:10  Marine  
  48  4:11  Marine  
  48  4:14  SCV  
  48  4:15  Supply Depot  
  51  4:21  SCV  
  50  4:26  SCV  
  48  4:33  SCV  
  48  4:35  Siege Tank  
  48  4:38  SCV  
  53  4:45  SCV  
  54  4:46  Viking x2  
  54  4:49  Marine  
  54  4:52  Command Center  
  59  4:54  SCV  
  59  5:00  SCV  
  59  5:06  SCV  
  59  5:07  Marine  
  59  5:12  SCV  
  59  5:18  SCV  
  59  5:19  Viking  
  62  5:21  Viking  
  62  5:24  SCV  
  62  5:30  SCV, Siege Tank  
  62  5:31  Marine  
  67  5:37  SCV  
  67  5:40  Stimpack  
  67  5:42  SCV, Supply Depot  
  69  5:43  Refinery  
  69  5:49  SCV  
  68  5:54  SCV  
  69  6:01  SCV  
  69  6:03  Marine, Barracks x2  
  71  6:04  Siege Tank  
  71  6:06  SCV, Orbital Command  
  71  6:10  Engineering Bay  
  75  6:13  SCV  
  76  6:18  SCV  
  76  6:19  Viking  
  76  6:21  Viking  
  81  6:25  Orbital Command  
  81  6:26  SCV  
  81  6:30  SCV, Marine  
  84  6:36  Terran Infantry Weapons Level 1  
  84  6:37  Engineering Bay  
  84  6:38  SCV  
  85  6:44  Siege Tank  
  85  6:46  SCV  
  87  6:48  Marine  
  87  6:50  SCV  
  87  6:51  SCV  
  90  6:54  Barracks Reactor x2  
  90  6:58  SCV  
  91  7:01  Viking  
  91  7:07  Supply Depot  
  93  7:10  Terran Infantry Armor Level 1  
  93  7:11  Viking, SCV, Marine  
  93  7:12  SCV x2  
  99  7:23  SCV  
  99  7:24  SCV  
  99  7:27  Refinery x2  
  99  7:29  SCV, Siege Tank  
  105  7:33  Command Center  
  105  7:35  SCV  
  104  7:37  SCV  
  104  7:41  SCV  
  104  7:48  SCV  
  104  7:59  SCV  
  104  8:01  Siege Tank  
  104  8:02  SCV  
  104  8:05  Sensor Tower  
  109  8:07  Supply Depot  
  109  8:08  Supply Depot  
  109  8:15  Supply Depot  
  109  8:21  Combat Shield  
  109  8:25  SCV x2, Medivac, Marine x4  
  117  8:29  SCV, Marine  
  117  8:33  Medivac  
  120  8:37  SCV x2  
  120  8:41  SCV  
  117  8:43  Marine x4  
  117  8:46  Marine  
  120  8:50  SCV x2  
  120  8:53  SCV  
  119  8:57  Armory  
  119  9:01  Marine x2  
  119  9:02  SCV x2  
  121  9:05  SCV  
  121  9:09  Liberator  
  121  9:10  Liberator  
  121  9:12  Marine  
  121  9:14  SCV x2  
  121  9:16  Marine  
  131  9:17  SCV, Supply Depot  
  131  9:20  Marine x2  
  131  9:22  Siege Tank  
  135  9:26  SCV x2  
  135  9:27  Marine  
  135  9:29  SCV  
  139  9:32  Marine, Barracks  
  139  9:33  Barracks  
  139  9:38  SCV x2  
  141  9:42  Marine x3  
  141  9:45  Marine  
  142  9:57  Marine  
  143  10:00  Siege Tank  
  143  10:03  SCV, Marine  
  140  10:18  SCV  
  140  10:19  SCV  
  139  10:22  SCV  
Tags
 
Add a new tag
Caveats
  • Supply blocks, unpowered buildings, or Contaminate may cause inaccurate times.
  • Supply counts are checked every 10 seconds.